 Dungeon Crawl Stone Soup version 0.26.1-11-gd32895ea62 (webtiles) character file.

Game seed: 16306941800693455398

32417 Diggabert the Basher (level 13, -1/124 HPs)
             Began as a Gargoyle Fighter on June 19, 2021.
             Was the Champion of the Shining One.
             Slain by an entropy weaver (6 damage)
             ... on level 3 of the Lair of Beasts.
             The game lasted 00:28:21 (13789 turns).

Diggabert the Basher (Gargoyle Fighter)            Turns: 13789, Time: 00:28:21

Health: -1/124     AC: 12    Str: 24    XL:     13   Next: 64%
Magic:  15/19      EV:  6    Int: 13    God:    the Shining One [******]
Gold:   994        SH: 12    Dex:  9    Spells: 12/12 levels left

rFire    . . .     SeeInvis .   w - +0 morningstar
rCold    . . .     Faith    .   c - +0 kite shield
rNeg     + + +     Spirit   .   x - +0 plate armour
rPois    ∞         Reflect  .   H - +2 hat {Int+3}
rElec    +         Harm     .   A - +1 cloak
rCorr    .         Rampage  .   I - +1 pair of gloves
Will     +....                  f - +0 pair of boots
Stlth    ..........             N - amulet of regeneration
HPRegen  0.70/turn              y - ring of willpower
MPRegen  0.16/turn              J - +4 ring of slaying

@: berserking, corroded, glowing, very quick
A: negative energy resistance 1, electricity resistance, unbreathing,
petrification resistance, miasma immunity, AC +9
a: Renounce Religion, Divine Shield, Cleansing Flame, Summon Divine Warrior,
Brand Weapon With Holy Wrath


You were on level 3 of the Lair of Beasts.
You worshipped the Shining One.
The Shining One was exalted by your worship.
You visited 3 branches of the dungeon, and saw 16 of its levels.
You also visited: Ossuary.

You collected 994 gold pieces.

Inventory:

Hand Weapons
 h - a +0 spear
 w - a +0 morningstar (weapon)
Missiles
 M - 7 silver javelins (quivered)
Armour
 c - a +0 kite shield (worn)
 f - a +0 pair of boots (worn)
 x - a +0 plate armour (worn)
 A - a +1 cloak (worn)
 H - a +2 hat of intelligence (worn)
 I - a +1 pair of gloves (worn)
Jewellery
 j - an uncursed ring of protection from cold
 y - a ring of willpower (left hand)
 J - a +4 ring of slaying (right hand)
 N - an amulet of regeneration (around neck)
Wands
 K - a wand of paralysis (7)
 L - a wand of enslavement (7)
Scrolls
 b - 8 scrolls of remove curse {unknown}
 e - 7 scrolls of enchant weapon {unknown}
 k - 6 scrolls of teleportation {unknown}
 l - 2 scrolls of magic mapping {unknown}
 o - 2 scrolls of blinking {unknown}
 p - 6 scrolls of enchant armour {unknown}
 q - 5 scrolls of fog {unknown}
 t - 2 scrolls of amnesia {unknown}
 z - a scroll of noise {unknown}
 D - 2 scrolls of immolation {unknown}
 F - 3 scrolls of random uselessness {unknown}
 Q - a scroll of silence {unknown}
Potions
 a - 2 potions of mutation
 d - 5 potions of might
 i - 9 potions of curing
 m - 3 potions of cancellation
 n - 8 potions of resistance
 r - 2 potions of haste
 s - 7 potions of brilliance
 u - 2 potions of flight
 B - 2 potions of lignification
 C - 2 potions of ambrosia
 E - 2 potions of magic


   Skills:
 * Level 10.4 Fighting
 * Level 14.5 Maces & Flails
 * Level 10.0 Armour
 * Level 11.3 Shields
 * Level 8.2 Invocations


You had 12 spell levels left.
You didn't know any spells.
Your spell library contained the following spells:

 Spells                   Type           Power        Failure   Level
 Cause Fear               Hex            0%           100%        4
 Silence                  Hex/Air        0%           100%        5
 Yara's Violent Unravell  Hex/Tmut       0%           100%        5
 Discord                  Hex            0%           100%        8


Dungeon Overview and Level Annotations

Branches:
Dungeon (11/15)            Temple (1/1) D:5            Lair (4/6) D:9
 Spider (0/4) Lair:2      Ossuary (visited)
  Swamp: Lair:2-4    Shoals: Lair:2-4       Orc: D:9-12

Altars:
Dithmenos
Qazlal
Trog
The Shining One

Shops:
D:11 (*?

Annotations:
Lair:3 exclusion: 2 oklob plants


Innate Abilities, Weirdness & Mutations

You are resistant to torment.
Your stone body is resilient. (AC +9)
You are immune to poison.
You resist negative energy. (rN+)
You are resistant to electric shocks. (rElec)
You can survive without breathing.
You are immune to petrification.
You are immune to miasma.


Message History

A red film seems to cover your vision as you go berserk!
You feel yourself moving faster!
You feel mighty! The entropy weaver hits you!
* * * LOW HITPOINT WARNING * * *
The entropy weaver hits you but does no damage.
The entropy weaver hits you!
* * * LOW HITPOINT WARNING * * *
The entropy weaver barely misses you.
You closely miss the entropy weaver.
The entropy weaver is heavily wounded.
You block the entropy weaver's attack. The entropy weaver hits you.
* * * LOW HITPOINT WARNING * * *
The entropy weaver hits you! The Shining One protects you from harm!
The entropy weaver barely misses you.
Your shield prevents you from hitting the entropy weaver.
The entropy weaver is heavily wounded.
You hit the entropy weaver.
The entropy weaver is heavily wounded.
The entropy weaver hits you.
You die...

#............#...#####.##.....
##.###..........## ####.###.
#..##...[....#.# ### ##
##.#.......[..## #
#P............#
###..........####
#..............##
###.......†.....###
#..P..>...@B.....## #
####......†.....#.# #
#.............###### ###
#PP.>...........##.###..
###.................#...
##...........÷........
#.....................
###.#.................
####[#.....÷<..#....


You could see an entropy weaver.

Vanquished Creatures
  Gastronok (D:8)
  An entropy weaver (Lair:4)
  7 hydras
  A boulder beetle (Lair:3)
  A catoblepas (Lair:3)
  3 two-headed ogres
  An unseen horror (D:10)
  A wizard (D:9)
  5 elephants
  Psyche (D:10)
  2 black mambas (Lair:3)
  4 cane toads
  8 komodo dragons
  A troll (D:10)
  A polar bear (Lair:3)
  Prince Ribbit (D:7)
  6 blink frogs
  Grinder (D:6)
  3 redbacks (Lair:2)
  22 yaks
  A wyvern (Lair:3)
  2 basilisks
  Menkaure (D:6)
  Duvessa (D:6)
  11 water moccasins
  8 soldier ants
  2 ice beasts
  6 orc warriors
  5 sky beasts
  2 black bears
  2 phantoms
  3 ogres
  3 centaurs
  A big kobold (D:9)
  15 bullfrogs
  Dowan (D:6)
  A wyvern skeleton (D:5)
  8 killer bees
  2 scorpions
  2 vampire bats (Lair:1)
  13 wights
  3 howler monkeys (D:8)
  4 centaur zombies
  5 bullfrog zombies
  2 bullfrog skeletons
  3 centaur skeletons (D:10)
  2 jellies (D:7)
  4 orc priests
  5 hounds
  8 iguanas
  20 worker ants
  9 orc wizards
  3 hell rats (Lair:2)
  2 killer bee zombies (Ossuary)
  3 hound zombies
  11 mummies
  8 worker ant zombies
  A howler monkey skeleton (D:4)
  7 gnolls
  14 adders
  4 river rats (Lair:2)
  3 white imps
  2 ufetubi
  4 adder zombies (Ossuary)
  4 dart slugs
  A worm (D:3)
  2 leopard geckos
  38 orcs
  11 giant cockroaches
  15 goblins
  8 hobgoblins
  10 jackals
  A ball python (D:4)
  14 bats
  5 frilled lizards
  A jackal zombie (D:5)
  9 kobolds
  A leopard gecko zombie (Ossuary)
  A quokka zombie (Ossuary)
  11 rats
420 creatures vanquished.

Vanquished Creatures (others)
  2 fungi
  14 plants
  6 withered plants (Ossuary)
22 creatures vanquished.

Grand Total: 442 creatures vanquished

Notes
Turn   | Place    | Note
-------+----------+-------------------------------------------
     0 | D:1      | Diggabert the Gargoyle Fighter began the quest for the Orb.
     0 | D:1      | Reached XP level 1. HP: 14/14 MP: 1/1
   119 | D:1      | Reached XP level 2. HP: 19/19 MP: 2/2
   433 | D:1      | Reached XP level 3. HP: 23/23 MP: 3/3
   920 | D:2      | Reached XP level 4. HP: 29/29 MP: 4/4
   987 | D:2      | Reached skill level 3 in Maces & Flails
  1455 | D:2      | Reached XP level 5. HP: 33/33 MP: 5/5
  2477 | D:4      | Reached skill level 4 in Maces & Flails
  2583 | D:4      | Reached XP level 6. HP: 35/38 MP: 6/6
  3059 | D:4      | Found a glowing golden altar of the Shining One.
  3089 | D:4      | Became a worshipper of the Shining One
  3265 | D:5      | Entered Level 5 of the Dungeon
  3267 | D:5      | Noticed an orc warrior
  3303 | D:4      | Reached skill level 5 in Shields
  3329 | D:4      | Reached skill level 5 in Maces & Flails
  3329 | D:4      | Reached XP level 7. HP: 39/44 MP: 7/7
  3390 | D:5      | Reached skill level 1 in Invocations
  3649 | D:5      | Found a staircase to the Ecumenical Temple.
  3707 | D:5      | Found a sand-covered staircase.
  3720 | Ossuary  | Entered an ossuary
  3736 | Ossuary  | Reached * piety under the Shining One
  3803 | Ossuary  | Reached skill level 5 in Armour
  3834 | Ossuary  | Reached skill level 6 in Maces & Flails
  3872 | Ossuary  | Reached ** piety under the Shining One
  3873 | Ossuary  | Reached XP level 8. HP: 24/48 MP: 9/9
  4146 | Ossuary  | Reached skill level 5 in Fighting
  4148 | Ossuary  | Reached *** piety under the Shining One
  4508 | D:5      | Reached skill level 7 in Maces & Flails
  4645 | Temple   | Entered the Ecumenical Temple
  4857 | D:5      | Found a stormy altar of Qazlal.
  5031 | D:5      | Reached XP level 9. HP: 54/54 MP: 11/11
  5208 | D:6      | Reached skill level 8 in Maces & Flails
  5229 | D:6      | Noticed Duvessa
  5229 | D:6      | Noticed Dowan
  5242 | D:6      | Killed Duvessa
  5255 | D:6      | Killed Dowan
  5335 | D:6      | Noticed Menkaure
  5335 | D:6      | Reached **** piety under the Shining One
  5346 | D:6      | Killed Menkaure
  5651 | D:6      | Found a shadowy altar of Dithmenos.
  5856 | D:6      | Noticed Grinder
  5871 | D:6      | Killed Grinder
  6252 | D:7      | Reached skill level 9 in Maces & Flails
  6330 | D:7      | Noticed Prince Ribbit
  6364 | D:7      | Killed Prince Ribbit
  6674 | D:7      | Reached XP level 10. HP: 61/61 MP: 13/13
  7443 | D:8      | Reached skill level 10 in Maces & Flails
  7739 | D:8      | Noticed Gastronok
  7771 | D:8      | Killed Gastronok
  7772 | D:8      | Reached skill level 5 in Invocations
  8077 | D:8      | Reached ***** piety under the Shining One
  8523 | D:9      | Reached skill level 11 in Maces & Flails
  8524 | D:9      | Noticed a wizard
  8543 | D:9      | Reached XP level 11. HP: 56/67 MP: 14/14
  8573 | D:9      | Killed a wizard
  8600 | D:9      | Noticed a two-headed ogre
  8604 | D:9      | Killed a two-headed ogre
  8877 | D:9      | Noticed a two-headed ogre
  8886 | D:9      | Killed a two-headed ogre
  9084 | D:9      | Found a staircase to the Lair.
  9326 | D:10     | Entered Level 10 of the Dungeon
  9456 | D:10     | Noticed a seven-headed hydra
  9466 | D:10     | Killed a seven-headed hydra
  9467 | D:10     | Reached skill level 12 in Maces & Flails
  9670 | D:10     | Noticed Psyche
  9677 | D:10     | Killed Psyche
  9838 | D:10     | Noticed a two-headed ogre
  9843 | D:10     | Noticed an unseen horror
  9848 | D:10     | Killed a two-headed ogre
  9868 | D:10     | Killed an unseen horror
 10646 | D:11     | Found Raxtaniq's Antique Weapon Boutique.
 10737 | D:11     | Found Axeodduv's Assorted Antiques.
 10937 | D:11     | Found Hov Wakh's Magic Scroll Emporium.
 11027 | Lair:1   | Entered Level 1 of the Lair of Beasts
 11090 | Lair:1   | Reached XP level 12. HP: 67/75 MP: 16/16
 11281 | Lair:1   | Noticed a six-headed hydra
 11290 | Lair:1   | Killed a six-headed hydra
 11522 | Lair:1   | Reached skill level 13 in Maces & Flails
 11839 | Lair:2   | Noticed a seven-headed hydra
 11849 | Lair:2   | Killed a seven-headed hydra
 11927 | Lair:2   | Reached skill level 10 in Shields
 12291 | Lair:2   | Found a hole to the Spider Nest.
 12365 | Lair:2   | Found a dark tunnel.
 12449 | Lair:2   | Noticed an eight-headed hydra
 12457 | Lair:2   | Killed an eight-headed hydra
 12559 | Lair:2   | Noticed a four-headed hydra
 12567 | Lair:2   | Killed a four-headed hydra
 12802 | Lair:3   | Noticed a four-headed hydra
 12815 | Lair:3   | Killed a four-headed hydra
 12816 | Lair:3   | Reached XP level 13. HP: 78/82 MP: 18/18
 12910 | Lair:3   | Reached skill level 14 in Maces & Flails
 12926 | Lair:3   | Reached skill level 10 in Fighting
 13630 | Lair:4   | Reached ****** piety under the Shining One
 13634 | Lair:4   | Reached skill level 10 in Armour
 13705 | Lair:4   | Noticed an entropy weaver
 13729 | Lair:4   | Killed an entropy weaver
 13749 | Lair:4   | Noticed an entropy weaver
 13786 | Lair:3   | HP: 5/124 [entropy weaver (9)]
 13787 | Lair:3   | The Shining One protects you from harm!
 13789 | Lair:3   | Slain by an entropy weaver

Illustrated notes

Levels and vault maps discovered:
D:1:      lemuel_arrival_river_ford, layout_basic
D:2:      layout_loops_ring
D:3:      layout_loops_cross
D:4:      layout_loops_ring, tso_metal_star
D:5:      layout_loops_cross, grunt_qazlal_sundering,
          minmay_temple_entry_slanted, gup_ossuary_entry_pyramid
D:6:      layout_loops_corners, nicolae_dithmenos_shadow_blocks, uniq_menkaure,
          uniq_duvessa, uniq_grinder
D:7:      layout_loops_ring, uniq_prince_ribbit1
D:8:      layout_loops_corners, minivault_5, uniq_gastronok
D:9:      layout_roguey, david_lair_shrubbed, minmay_chambers_of_fives
D:10:     layout_basic, uniq_psyche
D:11:     layout_rooms, serial_shops, nicolae_shop_statue_plus,
          nicolae_shop_crystal, nicolae_shop_window_shopping
Temple:   regret_index_temple_sigil_plot
Lair:1:   layout_roguey, roderic_batcave, serial_bayou_pond_e, lemuel_fruit_tree
Lair:2:   layout_chaotic_city, spider_nest_entry_webs,
          lightli_volcano_entry_magma_tube, kennysheep_abandoned_house
Lair:3:   layout_cave_shapes, serial_bayou_shore_b, infiniplex_staircase_pool_2,
          minmay_lair_oklob_chamber
Lair:4:   layout_roguey, minmay_shoals_entry_centaurs, basic_altar,
          zaba_anthell, grunt_megastairs_4, uniq_nergalle

Skill      XL: |  1  2  3  4  5  6  7  8  9 10 11 12 13 |
---------------+----------------------------------------+-----
Maces & Flails | 3 4 5 6 7 9 11 12 13 14 | 14.5
Shields        | 4 5 6 7 8 9 10 11 | 11.3
Armour         | 4 5 6 7 8 9 10 | 10.0
Fighting       | 4 5 6 7 8 9 10 | 10.4
Invocations    | 1 2 4 5 6 7 8 |  8.2

Action                   |  1- 3 |  4- 6 |  7- 9 | 10-12 | 13-15 || total
-------------------------+-------+-------+-------+-------+-------++-------
Melee: Flail             |   116 |   258 |    35 |       |       ||   409
       Morningstar       |       |       |   374 |   684 |   257 ||  1315
Invok: Cleansing Flame   |       |       |       |       |     1 ||     1
  Use: Scroll            |       |       |     4 |     6 |     4 ||    14
       Potion            |       |       |       |     3 |     5 ||     8
Armor: Scale mail        |    68 |   111 |       |       |       ||   179
       Chain mail        |       |    37 |    12 |       |       ||    49
       Plate armour      |       |       |   274 |   467 |   187 ||   928
Dodge: Dodged            |    30 |    72 |    81 |   164 |    48 ||   395
Block: Kite shield       |    58 |   165 |   226 |   434 |   183 ||  1066
